 Dungeon Crawl Stone Soup version 0.26.1-11-gd32895ea62 (webtiles) character file.

Game seed: 16465543850053565521

11593 SirKnigget the Cleaver (level 11, -12/97 HPs)
             Began as a Hill Orc Monk on June 28, 2021.
             Was a High Priest of Beogh.
             Mangled by a freezing wraith (17 damage)
             ... in an ice cave.
             The game lasted 00:32:25 (9679 turns).

SirKnigget the Cleaver (Hill Orc Monk)              Turns: 9679, Time: 00:32:25

Health: -12/97     AC: 20    Str: 24    XL:     11   Next: 80%
Magic:  11/11      EV: 13    Int: 10    God:    Beogh [*****.]
Gold:   508        SH: 17    Dex: 13    Spells: 10/10 levels left

rFire    + . .     SeeInvis .   v - +3 war axe (freeze)
rCold    . . .     Faith    .   J - +0 kite shield {rPois}
rNeg     . . .     Spirit   .   z - +2 chain mail {rF+}
rPois    +         Reflect  +   L - +1 helmet
rElec    .         Harm     .   M - +0 cloak
rCorr    .         Rampage  .   r - +0 pair of gloves
Will     .....                  c - +2 pair of boots
Stlth    ..........             H - amulet of reflection
HPRegen  0.26/turn              j - +6 ring of strength
MPRegen  0.12/turn              x - +4 ring of evasion

@: slowed, very slow
A: walk on water
a: Renounce Religion, Smiting, Recall Orcish Followers, Give Item to Named
Follower


You were in an ice cave.
You worshipped Beogh.
Beogh was extremely pleased with you.
You visited 2 branches of the dungeon, and saw 10 of its levels.
You also visited: Ice Cave.

You collected 508 gold pieces.

Inventory:

Hand Weapons
 a - a +1 vorpal war axe
 v - a +3 war axe of freezing (weapon)
Armour
 c - a +2 pair of boots (worn)
 l - +0 swamp dragon scales
 r - a +0 pair of gloves (worn)
 w - a +0 pair of gloves
 z - a +2 chain mail of fire resistance (worn)
 I - a +0 tower shield
 J - a +0 kite shield of poison resistance (worn)
 L - a +1 helmet (worn)
 M - a +0 cloak (worn)
Jewellery
 e - an uncursed ring of resist corrosion {unknown}
 j - a +6 ring of strength (left hand)
 m - an uncursed ring of willpower
 s - an uncursed amulet of magic regeneration
 x - a +4 ring of evasion (right hand)
 H - an amulet of reflection (around neck)
Wands
 y - a wand of acid (9)
 A - a wand of flame (12)
 N - a wand of digging (6)
Scrolls
 f - 4 scrolls of teleportation {unknown}
 g - 4 scrolls of remove curse {unknown}
 o - a scroll of fog {unknown}
 q - a scroll of immolation {unknown}
 u - 2 scrolls of enchant weapon {unknown}
 B - 4 scrolls of identify
 C - 3 scrolls of amnesia {unknown}
 D - 4 scrolls of magic mapping {unknown}
 E - 2 scrolls of enchant armour {unknown}
 G - a scroll of noise {unknown}
Potions
 d - a potion of attraction {unknown}
 h - 5 potions of mutation
 i - a potion of might {unknown}
 k - 5 potions of flight
 n - a potion of degeneration {unknown}
 p - 4 potions of curing {unknown}
 t - 4 potions of heal wounds {unknown}
 F - a potion of cancellation
 K - a potion of magic {unknown}
 O - a potion of resistance {unknown}


   Skills:
 + Level 9.5 Fighting
 + Level 14.7 Axes
 + Level 7.3 Armour
 + Level 4.7 Dodging
 - Level 1.5 Stealth
 + Level 10.1 Shields
 + Level 0.2 Invocations


You had 10 spell levels left.
You didn't know any spells.
Your spell library was empty.

Dungeon Overview and Level Annotations

Branches:
Dungeon (9/15)             Temple (0/1) D:5            Lair (1/6) D:9
  IceCv (1/1)
    Orc: D:9-12

Altars:
Cheibriados
Dithmenos
Nemelex Xobeh
Qazlal
Xom

Shops:
D:6 [

Annotations:
Lair:1 exclusion: oklob plant


Message History

The freezing wraith is severely damaged.
You hit the freezing wraith but do no damage.
You block the freezing wraith's attack. The freezing wraith misses you. x2
You block the freezing wraith's attack.
You hit the freezing wraith.
The freezing wraith is severely damaged.
Your shield prevents you from hitting the freezing wraith.
You block the freezing wraith's attack.
The freezing wraith hits you but does no damage.
The freezing wraith hits you.
* * * LOW HITPOINT WARNING * * *
The freezing wraith freezes you!
* * * LOW HITPOINT WARNING * * *
The freezing wraith closely misses you. You block the freezing wraith's attack.
The freezing wraith hits you!
* * * LOW HITPOINT WARNING * * *
The freezing wraith hits you.
* * * LOW HITPOINT WARNING * * *
The freezing wraith freezes you!
You die...

#####
##.W.##
#..W@.#
#..#..##
#..##...##
#.# ##...##
#.. ##...##
#.. ##...#
#. ##..##
######..#
##...###.##


You could see 2 freezing wraiths.

Vanquished Creatures
  Erica (D:8)
  A hydra (Lair:1)
  The ghost of manix the Covert, a novice KoAM of Okawaru (D:8)
  2 freezing wraiths (IceCv)
  13 yaks
  2 death yak simulacra (IceCv)
  A water moccasin (D:9)
  Duvessa (D:4)
  5 ice beasts (IceCv)
  2 black bears (D:9)
  A necrophage (D:9)
  2 wolves (Lair:1)
  6 bullfrogs
  An elf skeleton (D:4)
  Dowan (D:4)
  A scorpion (D:8)
  A wyvern skeleton (D:8)
  2 killer bees
  A swamp dragon simulacrum (IceCv)
  9 wights
  2 orc wizards
  A centaur skeleton (D:6)
  An orc priest (D:4)
  A human skeleton (D:4)
  Ijyb (D:4)
  2 worker ants
  A polar bear simulacrum (IceCv)
  A hound skeleton (D:6)
  7 gnolls
  7 adders
  9 white imps
  An ufetubus (D:7)
  An ooze (D:4)
  4 worms
  An adder skeleton (D:8)
  3 dart slugs
  5 leopard geckos
  4 orcs (D:3)
  A ball python (D:4)
  7 giant cockroaches
  5 goblins
  11 hobgoblins
  8 jackals (D:1)
  A quokka (D:2)
  4 bats (D:1)
  6 frilled lizards
  A jackal skeleton (D:4)
  10 kobolds
  11 rats
171 creatures vanquished.

Vanquished Creatures (collateral kills)
  Gastronok (D:8)
  A hydra (D:7)
  A black mamba (Lair:1)
  Maggie (D:8)
  A cane toad (Lair:1)
  2 ice devils (Lair:1)
  The ghost of kalagan the Conjurer, a novice DECj (D:5)
  A troll (D:9)
  10 yaks
  A basilisk (Lair:1)
  3 water moccasins (D:9)
  2 black bears
  3 ice beasts
  A necrophage (D:6)
  A wolf (Lair:1)
  An ogre (D:8)
  2 bullfrogs
  A water moccasin zombie (D:7)
  2 scorpions
  9 killer bees
  8 wights
  2 howler monkeys (D:6)
  2 human zombies (D:4)
  2 bullfrog skeletons
  3 hounds
  4 jellies
  A centaur skeleton (D:7)
  3 orc priests
  3 orc wizards
  2 human skeletons (D:4)
  An iguana (D:8)
  5 worker ants
  A worker ant zombie (D:6)
  3 adders
  A river rat (D:4)
  A shadow imp (D:5)
  A white imp (D:6)
  An adder zombie (D:7)
  A leopard gecko (D:5)
  7 orcs
  A giant cockroach (D:5)
  A quokka (D:5)
  A ball python zombie (D:5)
  A frilled lizard (D:5)
  2 rats (D:4)
103 creatures vanquished.

Vanquished Creatures (others)
  4 orc warriors
  An orc priest (D:7)
  10 orcs
  31 fungi
  39 plants
85 creatures vanquished.

Grand Total: 359 creatures vanquished

Notes
Turn   | Place    | Note
-------+----------+-------------------------------------------
     0 | D:1      | SirKnigget the Hill Orc Monk began the quest for the Orb.
     0 | D:1      | Reached XP level 1. HP: 19/19 MP: 1/1
   149 | D:1      | Reached XP level 2. HP: 27/27 MP: 2/2
   506 | D:1      | Reached XP level 3. HP: 28/33 MP: 3/3
   557 | D:1      | You fall into a shaft and drop 1 floor!
   921 | D:2      | Reached skill level 5 in Axes
  1167 | D:1      | Reached XP level 4. HP: 37/41 MP: 4/4
  1640 | D:2      | Became a worshipper of Beogh the Brigand
  1640 | D:2      | Reached * piety under Beogh
  1640 | D:2      | Reached ** piety under Beogh
  2277 | D:3      | Reached XP level 5. HP: 30/47 MP: 5/5
  2624 | D:3      | Reached skill level 6 in Axes
  2624 | D:3      | Reached skill level 1 in Armour
  2907 | D:3      | Reached skill level 1 in Shields
  2907 | D:3      | Reached XP level 6. HP: 49/55 MP: 6/6
  3366 | D:4      | Reached skill level 5 in Fighting
  3638 | D:4      | Noticed Dowan
  3638 | D:4      | Noticed Duvessa
  3683 | D:4      | Killed Duvessa
  3683 | D:4      | Reached *** piety under Beogh
  3684 | D:4      | Reached skill level 7 in Axes
  3701 | D:4      | Killed Dowan
  3702 | D:4      | Reached XP level 7. HP: 25/61 MP: 7/7
  3721 | D:4      | Noticed Ijyb
  3738 | D:4      | Killed Ijyb
  3747 | D:4      | You fall into a shaft and drop 2 floors!
  3926 | D:6      | Reached skill level 8 in Axes
  4508 | D:5      | Entered Level 5 of the Dungeon
  4536 | D:5      | Reached XP level 8. HP: 69/69 MP: 8/8
  4800 | D:5      | Found a sparkling altar of Nemelex Xobeh.
  4800 | D:5      | Found a faded altar of an unknown god.
  4806 | D:5      | Found a shimmering altar of Xom.
  4808 | D:5      | Found a faded altar of an unknown god.
  4810 | D:5      | Found a stormy altar of Qazlal.
  5156 | D:4      | Reached skill level 9 in Axes
  5332 | D:4      | Reached **** piety under Beogh
  5908 | D:5      | Found a staircase to the Ecumenical Temple.
  5957 | D:5      | Found a runed translucent gate.
  5958 | D:5      | Found a runed translucent gate.
  5958 | D:5      | Found a runed translucent gate.
  5960 | D:5      | Noticed kalagan's ghost (novice DECj)
  5973 | D:5      | Killed kalagan's ghost
  6032 | D:6      | Gained Boghold as an ally
  6043 | D:6      | Reached skill level 10 in Axes
  6403 | D:6      | Found Tiyhi's Armour Shoppe.
  6419 | D:6      | Found a snail-covered altar of Cheibriados.
  6806 | D:7      | Reached XP level 9. HP: 75/75 MP: 9/9
  6813 | D:7      | Reached skill level 5 in Armour
  7056 | D:7      | Reached skill level 5 in Shields
  7389 | D:7      | Found a shadowy altar of Dithmenos.
  7444 | D:7      | Noticed a seven-headed hydra
  7457 | D:7      | Killed a seven-headed hydra
  7705 | D:8      | Reached skill level 11 in Axes
  7766 | D:8      | Noticed Gastronok
  7777 | D:8      | Noticed Maggie
  7778 | D:8      | Killed Gastronok
  7778 | D:8      | Reached ***** piety under Beogh
  7779 | D:8      | Reached skill level 12 in Axes
  7779 | D:8      | Reached XP level 10. HP: 68/86 MP: 10/10
  7783 | D:8      | Killed Maggie
  8154 | D:8      | Noticed manix's ghost (novice KoAM)
  8163 | D:8      | Found a runed translucent gate.
  8163 | D:8      | Found a runed translucent gate.
  8166 | D:8      | Found a runed translucent gate.
  8190 | D:8      | Killed manix's ghost
  8249 | D:8      | Noticed Erica
  8258 | D:8      | Killed Erica
  8562 | D:9      | Reached skill level 13 in Axes
  8699 | D:9      | Found a staircase to the Lair.
  8707 | D:9      | Reached XP level 11. HP: 89/94 MP: 11/11
  8757 | Lair:1   | Entered Level 1 of the Lair of Beasts
  8780 | Lair:1   | Noticed a four-headed hydra
  8787 | Lair:1   | Killed a six-headed hydra
  8808 | Lair:1   | Reached skill level 14 in Axes
  8967 | Lair:1   | Noticed an oklob plant
  9225 | Lair:1   | Found a frozen archway.
  9258 | IceCv    | Entered an ice cave
  9594 | IceCv    | Reached skill level 10 in Shields
  9679 | IceCv    | Mangled by a freezing wraith

Illustrated notes

Levels and vault maps discovered:
D:1:      heliophobic_arrival_enchanted_forest, layout_rooms, serial_curves,
          eino_curves_02, eino_curves_02, lexackson_kobold_supper
D:2:      layout_basic
D:3:      layout_loops_ring
D:4:      layout_basic, portal_sewer_entry_a, nicolae_ossuary_entry_catacombs,
          uniq_ijyb, uniq_duvessa
D:5:      layout_cave_pools, chequers_temple_overflow_minitemple,
          minmay_temple_entry_enclosed_plants, ebering_ghost_rock_garden
D:6:      layout_layer_cave, serial_shops, shop, basic_altar
D:7:      layout_basic, kennysheep_mini_moat
D:8:      layout_loops_ring, gammafunk_ghost_split, uniq_maggie, uniq_erica,
          uniq_gastronok
D:9:      layout_loops_ring, due_lair_maze_entry_diamond
Lair:1:   layout_regular_city, portal_ice_cave_demonic_guard,
          chequers_serial_rivers_micro_b, minmay_lair_oklob_chamber
IceCv:    ice_cave_small_necro

Skill      XL: |  1  2  3  4  5  6  7  8  9 10 11 |
---------------+----------------------------------+-----
Fighting       | 4 5 6 7 8 9 |  9.5
Axes           | 5 6 7 8 10 12 13 14 | 14.7
Dodging        | 3 4 |  4.7
Armour         | 1 2 3 4 6 7 |  7.3
Shields        | 1 2 3 4 7 8 10 | 10.1
Stealth        | |  1.5
Invocations    | |  0.2

Action                   |  1- 3 |  4- 6 |  7- 9 | 10-12 || total
-------------------------+-------+-------+-------+-------++-------
Melee: Hand axe          |   106 |   280 |   160 |       ||   546
       War axe           |       |       |    73 |   235 ||   308
Invok: Convert to Beogh  |       |     1 |       |       ||     1
       Recall Orcish Fol |       |       |       |     2 ||     2
  Use: Scroll            |       |       |     6 |     1 ||     7
 Stab: Sleeping          |     4 |     1 |       |       ||     5
       Distracted        |       |       |     1 |     3 ||     4
Armor: Robe              |    50 |    19 |       |       ||    69
       Chain mail        |       |    89 |    82 |    66 ||   237
Dodge: Dodged            |    83 |    90 |    41 |   103 ||   317
Block: Kite shield       |       |    79 |   135 |   194 ||   408
       Reflection        |       |       |     4 |       ||     4
